 Dungeon Crawl Stone Soup version 0.22-a0-456-g11ed031 (webtiles) character file.

28 opiumtea the Skirmisher (level 2, -1/36 HPs)
             Began as a Demonspawn Berserker on June 7, 2018.
             Was a Follower of Trog.
             Slain by a scorpion (4 damage)
             ... on level 2 of the Dungeon.
             The game lasted 00:03:23 (994 turns).

opiumtea the Skirmisher (Demonspawn Berserker)       Turns: 994, Time: 00:03:24

Health: -1/36      AC: 21    Str: 17    XL:     2   Next: 96%
Magic:  2/2        EV:  2    Int:  8    God:    Trog [*.....]
Gold:   109        SH:  0    Dex: 12    Spells: 1/1 levels left

rFire    . . .     SeeInvis .   a - +0 falchion
rCold    . . .     Gourm    .   (no shield)
rNeg     + + +     Faith    .   (armour currently unavailable)
rPois    +         Spirit   .   (helmet currently unavailable)
rElec    .         Reflect  .   (cloak currently unavailable)
rCorr    .         Harm     .   (gloves currently unavailable)
MR       .....     NoTele   +   (boots currently unavailable)
Stlth    +.........             (no amulet)
HPRegen  0.12/turn              (no ring)
MPRegen  0.08/turn              (no ring)

@: lethally poisoned (-1 -> -3), tree-form (expiring), berserk cooldown, slowed,
very slow
A: no striking features
a: Berserk, Renounce Religion


You were on level 2 of the Dungeon.
You worshipped Trog.
Trog was aware of your devotion.
You were not hungry.
You were a tree.
You visited 1 branch of the dungeon, and saw 2 of its levels.

You collected 109 gold pieces.

Inventory:

Hand Weapons
 a - a +0 falchion (weapon)
 h - a cursed -1 dagger
Armour
 b - a +0 animal skin (melded)
Scrolls
 e - a scroll of remove curse
 g - a scroll of magic mapping {unknown}
 i - a scroll of enchant armour {unknown}
 l - a scroll of identify {unknown}
 m - a scroll of random uselessness {unknown}
Comestibles
 c - 3 rations
 f - 2 chunks of flesh


   Skills:
 + Level 3.6 Fighting
 + Level 3.3 Long Blades
 - Level 1.7 Armour
 - Level 1.7 Dodging


You had one spell level left.
You didn't know any spells.
Your spell library was empty.

Dungeon Overview and Level Annotations

Branches:
Dungeon (2/15)

Altars:

Annotations:
D:2 Robin


Innate Abilities, Weirdness & Mutations

((You have sharp fingernails.))


Message History

* * * LOW HITPOINT WARNING * * *
The hobgoblin hits you but does no damage.
The scorpion barely misses you.
You hit the scorpion but do no damage.
The scorpion is heavily wounded.
The goblin no longer looks unusually strong.
Robin roars a battlecry!
The goblin goes into a battle-frenzy!
The hobgoblin hits you but does no damage.
The scorpion barely misses you.
The hobgoblin hits you but does no damage.
The scorpion stings you.
* * * LOW HITPOINT WARNING * * *
You hit the scorpion.
The scorpion is severely wounded.
Your transformation is almost over.
Robin roars a battlecry!
The hobgoblin hits you but does no damage.
The scorpion stings you.
You die...

..####.........#
..............# ##
#..(........# ..
#....÷.....# #.#
#....<.....#
#....###..........#
........#.........#
#.###.#####)#.#######.#
##.....#gg♣#....# #
......ggg#s###..##...
g..#######..........#
#.<.....######..#
#.#####.# ... #.# ##
..# ###


You could see a scorpion, Robin, a hobgoblin and 3 goblins.

Vanquished Creatures
  2 dart slugs (D:1)
  2 leopard geckos (D:1)
  A bat (D:1)
  2 giant cockroaches (D:1)
  5 goblins
  3 hobgoblins
  A frilled lizard (D:1)
  A kobold (D:1)
  2 rats (D:2)
19 creatures vanquished.

Notes
Turn   | Place    | Note
-------+----------+-------------------------------------------
     0 | D:1      | opiumtea the Demonspawn Berserker began the quest for the Orb.
     0 | D:1      | Reached XP level 1. HP: 18/18 MP: 1/1
   264 | D:1      | Gained mutation: You have sharp fingernails. [demonic ancestry]
   264 | D:1      | Reached XP level 2. HP: 22/24 MP: 2/2
   955 | D:2      | Noticed Robin
   977 | D:2      | Noticed a scorpion
   994 | D:2      | Slain by a scorpion

Vault maps used:
D:1:      dpeg_arrival_stonehenge_8_columns, minivault_14
D:2:      chequers_ecumenical_altar_simple_redux, first_ration, uniq_robin,
          uniq_sigmund, uniq_natasha

Skill      XL: |  1 |
---------------+----+-----
Long Blades    | 3 |  3.3
Fighting       | |  3.6
Armour         | |  1.7
Dodging        | |  1.7

Action                   || total
-------------------------++-------
Melee: Falchion          ||    68
Invok: Berserk           ||     1
  Use: Scroll            ||     2
       Potion            ||     2
 Stab: Sleeping          ||     1
  Eat: Chunk             ||     1
Armor: Animal skin       ||     5
       Skin              ||    37
Dodge: Dodged            ||    44
       Rpst.: Falchion   ||     7

Table legend:
 A = Spawn XP
 B = Non-spawn XP
 C = Spawn XP percentage of total XP
 D = Spawn monster count
 E = Non-spawn monster count
 F = Spawn count percentage of total count
 G = Total turns spent on level
                    A         B        C        D         E        F      G
               +---------+---------+-------+---------+---------+-------+---------
         Total |       0 |      40 |   0.0 |       0 |      19 |   0.0 |   994
               +---------+---------+-------+---------+---------+-------+---------
           D:1 |       0 |      28 |   0.0 |       0 |      12 |   0.0 |   909
           D:2 |       0 |      12 |   0.0 |       0 |       7 |   0.0 |    85
               +---------+---------+-------+---------+---------+-------+---------
